 Dungeon Sprint DCSS version 0.16-a0-4004-g8d6611c (webtiles) character file.

16100000 PolkaDot the Intangible (level 27, -85/249 HPs)
             Began as a Demonspawn Gladiator on Feb 15, 2015.
             Was the Champion of Makhleb.
             Annihilated by a fleshlord
             ... wielding a +9 great mace
              (334 damage)
             ... in the Dungeon (Sprint VIII: "Arena of Blood").
             The game lasted 00:05:04 (161 turns).

PolkaDot the Intangible (Demonspawn Gladiator)       Turns: 161, Time: 00:05:04

Health: -85/249    AC: 12    Str: 17    XL:     27
Magic:  49/49      EV: 37    Int: 12    God:    Makhleb [******]
Gold:   0          SH:  0    Dex: 23    Spells: 0 memorised, 80 levels left

rFire  . . .     SeeInvis +     k - +∞ Axe of Woe
rCold  . . .     Clarity  .     b - +0 leather armour
rNeg   + . .     SustAb   .     (no shield)
rPois  .         Gourm    .     c - +0 helmet
rElec  .         Spirit   .     (no cloak)
rCorr  +         Warding  .     (gloves unavailable)
rMut   .         NoTele   +     (no boots)
MR     ++...                    (no amulet)
Stlth  ++++++++++               (no ring)
                                l - ring of see invisible

@: slowed, very slow, very resistant to hostile enchantments, uncannily stealthy
A: claws 3, yellow scales 3, negative energy resistance 1, nightstalker 3, spiny
3, 50% torment resistance, black mark
a: Minor Destruction, Lesser Servant of Makhleb, Major Destruction, Greater
Servant of Makhleb, Renounce Religion


You were in the Dungeon.
You worshipped Makhleb.
Makhleb was exalted by your worship.
You were not hungry.

You visited 1 branch

Inventory:

Hand weapons
 k - the +∞ Axe of Woe (weapon)
   (You found it in the Dungeon)
Missiles
 d - 3 throwing nets (quivered)
Armour
 b - a +0 leather armour (worn)
 c - a +0 helmet (worn)
Jewellery
 l - a ring of see invisible (left claw)
Scrolls
 j - a scroll of blinking
Potions
 f - a potion of heal wounds
 g - a potion of haste
 h - 2 potions of magic
 i - a potion of berserk rage
Comestibles
 a - a bread ration


   Skills:
 O Level 27 Fighting
 O Level 27 Axes
 O Level 27 Throwing
 O Level 27 Armour
 O Level 27 Dodging
 O Level 27 Stealth
 O Level 27 Unarmed Combat
 O Level 27 Spellcasting
 O Level 27 Invocations


You had 80 spell levels left.
You didn't know any spells.

Dungeon Overview and Level Annotations

Branches:
Dungeon (1/1)

Altars:
Makhleb

Annotations:
D The Captor


Innate Abilities, Weirdness & Mutations

You have claws for hands.
You are completely covered in yellow scales (AC +4, rCorr).
You resist negative energy.
You are completely attuned to the shadows.
You are completely covered in sharp spines.
You are somewhat able to resist unholy torments (1 in 2 success).
Your melee attacks sometimes drain vitality from your foes.


Message History

You hear a shout! x2
A destroyer comes into view.
It is wielding a +9 great sword of slicing.
The destroyer shouts!
You hit the meat berserker.
You cleave the meat berserker in twain.
You kill the meat berserker!
Makhleb accepts your kill.
You hear a shout! x3
The destroyer blinks!
You hear a shout! x7
A bag of meat comes into view. It is wielding a +9 war axe.
You slice the meat berserker!!
You pulverise the meat berserker into a thin bloody mist.
You kill the meat berserker!
Makhleb accepts your kill.
You hear a shout! x9
A hill giant, a hell knight and a greater mummy come into view.
You hear a shout! x4
The fleshlord hits you with a +9 great mace!!!!!!
Ouch! That really hurt!
You die...

#...)..).§))#......
#..)...)))§..#G....
#.....)......#.....
#.)))...###...#....
#.....### ...V ...
#.)..#.. . ..
#.)...... ..
#.).)W... .
#.@).V.Cp #..p....
o## #....#.. ....
#..o.## .... #...M.
.... =.. . . ...


You could see an accursed (wandering), a destroyer, a fleshlord, a large bag of
meat (inner flame), a dread and a bag of meat.

Vanquished Creatures
  Harold (D)
  6 great orbs of eyes (D)
  3 greater mummies (D)
  7 hell beasts (D)
  4 hell knights (D)
  9 hill giants (D)
  2 hydras (D)
  2 liches (D)
  30 ogres (D)
  62 orcs (D)
  2 phantoms (D)
  7 skeletal warriors (D)
  11 vampire knights (D)
  4 wraiths (D)
  3 sea snakes (D)
  2 tentacled monstrosities (D)
  9 large abominations (D)
  2 small abominations (D)
  A soul eater (D)
  2 shadows (D)
  2 crawling corpses (D)
171 creatures vanquished.

Vanquished Creatures (others)
  5 crawling corpses (D)
5 creatures vanquished.

Grand Total: 176 creatures vanquished

Notes
Turn   | Place    | Note
--------------------------------------------------------------
     0 | D        | PolkaDot, the Demonspawn Gladiator, began the quest for the Orb.
     0 | D        | Reached XP level 1. HP: 16/16 MP: 1/1
     3 | D        | Noticed a bag of meat
     3 | D        | Noticed a bag of meat
     4 | D        | Became a worshipper of Makhleb the Destroyer
     5 | D        | Noticed a bag of meat
     5 | D        | Noticed a bag of meat
     5 | D        | Noticed a bag of meat
     8 | D        | Killed a bag of meat
     8 | D        | Reached skill level 14 in Fighting
     8 | D        | Gained mutation: You have sharp fingernails. [demonic ancestry]
     8 | D        | Reached XP level 2. HP: 19/42 MP: 2/2
     8 | D        | Reached XP level 3. HP: 21/48 MP: 3/3
     8 | D        | Gained mutation: You are slightly more attuned to the shadows. [demonic ancestry]
     8 | D        | Reached XP level 4. HP: 24/55 MP: 4/4
     8 | D        | Gained mutation: You are partially covered in sharp spines. [demonic ancestry]
     8 | D        | Reached XP level 5. HP: 26/61 MP: 5/5
     8 | D        | Reached XP level 6. HP: 28/68 MP: 6/6
     8 | D        | Gained mutation: You have very sharp fingernails. [demonic ancestry]
     8 | D        | Reached XP level 7. HP: 30/74 MP: 7/7
     8 | D        | Gained mutation: You are significantly more attuned to the shadows. [demonic ancestry]
     8 | D        | Reached XP level 8. HP: 32/81 MP: 8/8
     8 | D        | Gained mutation: You are partially covered in yellow scales (AC +2). [demonic ancestry]
     8 | D        | Reached XP level 9. HP: 34/87 MP: 9/9
     8 | D        | Reached XP level 10. HP: 36/94 MP: 10/10
     8 | D        | Gained mutation: You are mostly covered in sharp spines. [demonic ancestry]
     8 | D        | Reached XP level 11. HP: 38/100 MP: 11/11
     8 | D        | Killed a bag of meat
     8 | D        | Acquired Makhleb's first power
     8 | D        | Reached skill level 16 in Fighting
     8 | D        | Reached skill level 15 in Dodging
     8 | D        | Reached skill level 15 in Unarmed Combat
     8 | D        | Reached XP level 12. HP: 40/111 MP: 12/12
     9 | D        | Noticed a bag of meat
     9 | D        | Killed a bag of meat
     9 | D        | Reached skill level 1 in Axes
     9 | D        | Reached skill level 15 in Throwing
     9 | D        | Reached XP level 13. HP: 42/119 MP: 13/13
     9 | D        | Killed a bag of meat
     9 | D        | Acquired Makhleb's second power
     9 | D        | Reached skill level 17 in Fighting
     9 | D        | Reached skill level 18 in Dodging
    10 | D        | Noticed a bag of meat
    10 | D        | Noticed a meat berserker
    10 | D        | Noticed a meat berserker
    10 | D        | Noticed a bag of meat
    11 | D        | Killed a bag of meat
    11 | D        | Reached skill level 19 in Dodging
    11 | D        | Gained mutation: You resist negative energy. [demonic ancestry]
    11 | D        | Reached XP level 14. HP: 126/129 MP: 14/14
    12 | D        | Noticed a bag of meat
    12 | D        | Noticed a bag of meat
    12 | D        | Killed a meat berserker
    12 | D        | Acquired Makhleb's third power
    12 | D        | Reached skill level 20 in Dodging
    12 | D        | Killed a meat berserker
    12 | D        | Reached skill level 21 in Dodging
    12 | D        | Reached XP level 15. HP: 135/137 MP: 15/15
    13 | D        | Noticed a meat berserker
    13 | D        | Noticed a meat berserker
    13 | D        | Killed a bag of meat
    14 | D        | Killed a bag of meat
    14 | D        | Acquired Makhleb's fourth power
    14 | D        | Reached skill level 5 in Axes
    14 | D        | Reached skill level 22 in Dodging
    14 | D        | Killed a bag of meat
    14 | D        | Reached skill level 5 in Armour
    14 | D        | Reached skill level 23 in Dodging
    14 | D        | Killed a meat berserker
    14 | D        | Acquired Makhleb's fifth power
    14 | D        | Reached skill level 24 in Dodging
    14 | D        | Gained mutation: You are completely covered in sharp spines. [demonic ancestry]
    14 | D        | Reached XP level 16. HP: 146/149 MP: 16/16
    14 | D        | Killed a meat berserker
    15 | D        | Noticed a bag of meat
    15 | D        | Noticed a bag of meat
    15 | D        | Killed a bag of meat
    15 | D        | Reached skill level 25 in Dodging
    16 | D        | Noticed a meat berserker
    16 | D        | Noticed a meat berserker
    17 | D        | Killed a bag of meat
    17 | D        | Killed a meat berserker
    17 | D        | Reached skill level 10 in Axes
    17 | D        | Reached skill level 26 in Dodging
    17 | D        | Gained mutation: You have claws for hands. [demonic ancestry]
    17 | D        | Reached XP level 17. HP: 158/160 MP: 17/17
    18 | D        | Killed a bag of meat
    18 | D        | Noticed a bag of meat
    19 | D        | Noticed a bag of meat
    19 | D        | Noticed a large bag of meat
    19 | D        | Noticed a large bag of meat
    19 | D        | Noticed a bag of meat
    21 | D        | Noticed a large bag of meat
    21 | D        | Killed a bag of meat
    21 | D        | Reached skill level 27 in Dodging
    21 | D        | Reached skill level 27 in Unarmed Combat
    21 | D        | Killed a bag of meat
    22 | D        | Killed a large bag of meat
    22 | D        | Reached skill level 15 in Axes
    22 | D        | Killed a bag of meat
    22 | D        | Reached skill level 10 in Armour
    22 | D        | Reached XP level 18. HP: 174/177 MP: 18/18
    23 | D        | Killed a meat berserker
    23 | D        | Killed a large bag of meat
    24 | D        | Noticed a large bag of meat
    24 | D        | Noticed The Servant
    25 | D        | Noticed a destroyer
    25 | D        | Noticed a destroyer
    25 | D        | Noticed a meat berserker
    26 | D        | Noticed a large bag of meat
    26 | D        | Noticed a bag of meat
    27 | D        | Noticed a bag of meat
    27 | D        | Noticed a bag of meat
    27 | D        | Noticed a destroyer
    28 | D        | Noticed a bag of meat
    28 | D        | Noticed a meat berserker
    28 | D        | Killed The Servant
    28 | D        | Reached skill level 27 in Fighting
    28 | D        | Killed a meat berserker
    28 | D        | Killed a large bag of meat
    29 | D        | Noticed a bag of meat
    29 | D        | Killed a destroyer
    29 | D        | Gained mutation: You are mostly covered in yellow scales (AC +3). [demonic ancestry]
    29 | D        | Reached XP level 19. HP: 189/189 MP: 18/18
    30 | D        | Killed a bag of meat
    30 | D        | Reached skill level 15 in Armour
    30 | D        | Killed a destroyer
    30 | D        | Killed a bag of meat
    30 | D        | Reached skill level 27 in Axes
    31 | D        | Noticed a bag of meat
    31 | D        | Noticed a meat berserker
    32 | D        | Noticed a sculptor of flesh
    32 | D        | Noticed a sculptor of flesh
    32 | D        | Killed a destroyer
    32 | D        | Killed a bag of meat
    32 | D        | Killed a large bag of meat
    32 | D        | Gained mutation: You are completely attuned to the shadows. [demonic ancestry]
    32 | D        | Reached XP level 20. HP: 197/197 MP: 19/19
    32 | D        | Killed a bag of meat
    32 | D        | Reached skill level 27 in Throwing
    33 | D        | Killed a meat berserker
    34 | D        | Noticed a meat berserker
    34 | D        | Noticed a destroyer
    35 | D        | Noticed a destroyer
    35 | D        | Noticed a bag of meat
    35 | D        | Killed a bag of meat
    35 | D        | Killed a meat berserker
    35 | D        | Reached skill level 27 in Armour
    35 | D        | Killed a sculptor of flesh
    35 | D        | Reached skill level 10 in Invocations
    36 | D        | Noticed a bag of meat
    36 | D        | Noticed a meat berserker
    36 | D        | Killed a bag of meat
    36 | D        | Reached skill level 10 in Stealth
    36 | D        | Killed a meat berserker
    37 | D        | Killed a sculptor of flesh
    37 | D        | Gained mutation: You are somewhat able to resist unholy torments (1 in 2 success). [demonic ancestry]
    37 | D        | Reached XP level 21. HP: 204/204 MP: 19/39
    38 | D        | Noticed a bag of meat
    38 | D        | Noticed a bag of meat
    38 | D        | Noticed a large bag of meat
    38 | D        | Killed a destroyer
    38 | D        | Reached skill level 15 in Spellcasting
    39 | D        | Killed a meat berserker
    39 | D        | Killed a bag of meat
    40 | D        | Killed a bag of meat
    41 | D        | Noticed a meat berserker
    41 | D        | Noticed a meat berserker
    42 | D        | Noticed a destroyer
    42 | D        | Killed a bag of meat
    42 | D        | Killed a destroyer
    42 | D        | Killed a large bag of meat
    42 | D        | Reached skill level 27 in Invocations
    43 | D        | Noticed a bag of meat
    43 | D        | Noticed a destroyer
    44 | D        | Noticed a bag of meat
    44 | D        | Noticed a meat berserker
    44 | D        | Noticed a meat berserker
    44 | D        | Noticed a meat berserker
    44 | D        | Noticed a destroyer
    45 | D        | Noticed a bag of meat
    45 | D        | Killed a meat berserker
    45 | D        | Reached XP level 22. HP: 212/212 MP: 21/45
    45 | D        | Killed a destroyer
    45 | D        | Noticed a bag of meat
    46 | D        | Killed a meat berserker
    46 | D        | Killed a destroyer
    46 | D        | Killed a meat berserker
    46 | D        | Reached skill level 27 in Stealth
    46 | D        | Killed a bag of meat
    46 | D        | Reached skill level 27 in Spellcasting
    46 | D        | Killed a bag of meat
    47 | D        | Noticed a meat berserker
    47 | D        | Noticed a meat berserker
    47 | D        | Killed a meat berserker
    47 | D        | Killed a meat berserker
    47 | D        | Killed a destroyer
    47 | D        | Gained mutation: Your melee attacks sometimes drain vitality from your foes. [demonic ancestry]
    47 | D        | Reached XP level 23. HP: 219/219 MP: 21/48
    48 | D        | Killed a bag of meat
    49 | D        | Noticed a meat berserker
    50 | D        | Killed a meat berserker
    51 | D        | Killed a meat berserker
    51 | D        | Killed a bag of meat
    51 | D        | Killed a meat berserker
    54 | D        | Noticed The Captor
    54 | D        | Noticed a bag of meat
    57 | D        | Noticed an accursed
    57 | D        | Noticed a meat beast
    59 | D        | Killed a meat beast
    60 | D        | Killed a bag of meat
    61 | D        | Killed an accursed
    67 | D        | Noticed a meat berserker
    69 | D        | Noticed a sculptor of flesh
    69 | D        | Noticed a meat beast
    70 | D        | Killed a meat beast
    70 | D        | Killed a meat berserker
    70 | D        | Reached XP level 24. HP: 227/227 MP: 27/48
    71 | D        | Noticed a bag of meat
    71 | D        | Noticed a bag of meat
    71 | D        | Noticed a large bag of meat
    71 | D        | Noticed a sculptor of flesh
    72 | D        | Noticed a bag of meat
    72 | D        | Killed a sculptor of flesh
    73 | D        | Noticed a large bag of meat
    74 | D        | Noticed a bag of meat
    74 | D        | Noticed a meat berserker
    74 | D        | Killed a bag of meat
    75 | D        | Noticed a meat beast
    75 | D        | Killed a large bag of meat
    75 | D        | Killed a sculptor of flesh
    76 | D        | Killed a bag of meat
    76 | D        | Killed a bag of meat
    77 | D        | Noticed a bag of meat
    77 | D        | Killed a meat berserker
    77 | D        | Killed a meat beast
    79 | D        | Noticed a bag of meat
    79 | D        | Noticed a bag of meat
    80 | D        | Noticed a sculptor of flesh
    80 | D        | Killed a large bag of meat
    81 | D        | Killed a bag of meat
    81 | D        | Killed a bag of meat
    81 | D        | Reached XP level 25. HP: 234/234 MP: 30/49
    83 | D        | Noticed an eight-headed meat hydra
    83 | D        | Noticed a bag of meat
    83 | D        | Killed a bag of meat
    83 | D        | Killed a bag of meat
    83 | D        | Killed a bag of meat
    85 | D        | Noticed a bag of meat
    86 | D        | Killed a sculptor of flesh
    86 | D        | Killed a bag of meat
    89 | D        | Noticed a bag of meat
    89 | D        | Killed a bag of meat
    90 | D        | Killed a nine-headed meat hydra
    91 | D        | Noticed an accursed
    92 | D        | Killed a bag of meat
    94 | D        | Noticed a meat beast
    95 | D        | Noticed a bag of meat
    95 | D        | Killed a meat beast
    97 | D        | Noticed a meat beast
    97 | D        | Killed a bag of meat
    98 | D        | Noticed a bag of meat
    99 | D        | Noticed a tyrant
    99 | D        | Killed a meat beast
    99 | D        | Killed an accursed
   100 | D        | Noticed a meat berserker
   101 | D        | Noticed a scourge
   101 | D        | Noticed an observer
   102 | D        | Noticed a bag of meat
   102 | D        | Noticed a bag of meat
   103 | D        | Noticed a meat berserker
   103 | D        | Killed a meat berserker
   104 | D        | Noticed a large bag of meat
   105 | D        | Noticed a bag of meat
   105 | D        | Killed a bag of meat
   105 | D        | Killed a meat berserker
   105 | D        | Gained mutation: You are completely covered in yellow scales (AC +4, rCorr). [demonic ancestry]
   105 | D        | Reached XP level 26. HP: 242/242 MP: 36/49
   106 | D        | Noticed an observer
   107 | D        | Noticed a destroyer
   107 | D        | Noticed a bag of meat
   107 | D        | Noticed a bag of meat
   108 | D        | Killed a large bag of meat
   109 | D        | Noticed a bag of meat
   109 | D        | Killed a bag of meat
   110 | D        | Noticed a bag of meat
   111 | D        | Killed an observer
   111 | D        | Killed a bag of meat
   111 | D        | Killed a scourge
   111 | D        | Killed a bag of meat
   111 | D        | Killed a bag of meat
   111 | D        | Killed a bag of meat
   112 | D        | Noticed a dread
   112 | D        | Killed an observer
   113 | D        | Killed a bag of meat
   116 | D        | Noticed a bag of meat
   116 | D        | Killed a bag of meat
   117 | D        | Noticed a dread
   117 | D        | Killed a dread
   118 | D        | Noticed a fleshlord
   118 | D        | Killed a tyrant
   118 | D        | Reached XP level 27. HP: 249/249 MP: 40/49
   119 | D        | Killed a fleshlord
   120 | D        | Killed a bag of meat
   120 | D        | Killed a destroyer
   121 | D        | Noticed a fleshlord
   121 | D        | Noticed an observer
   122 | D        | Killed a dread
   123 | D        | Noticed a meat beast
   123 | D        | Killed an observer
   123 | D        | Killed a fleshlord
   125 | D        | Killed a meat beast
   126 | D        | Noticed a bag of meat
   127 | D        | Noticed a bag of meat
   127 | D        | Noticed a meat berserker
   127 | D        | Noticed a destroyer
   127 | D        | Noticed a bag of meat
   127 | D        | Noticed a fleshlord
   128 | D        | Killed a meat berserker
   129 | D        | Noticed a bag of meat
   129 | D        | Noticed a wretched soul
   129 | D        | Killed a bag of meat
   130 | D        | Noticed a bag of meat
   130 | D        | Killed a bag of meat
   132 | D        | Noticed a large bag of meat
   132 | D        | Killed a fleshlord
   132 | D        | Killed a bag of meat
   133 | D        | Killed a wretched soul
   133 | D        | Killed a bag of meat
   134 | D        | Noticed a destroyer
   134 | D        | Noticed a wretched soul
   134 | D        | Killed a bag of meat
   135 | D        | Killed a wretched soul
   135 | D        | Killed a large bag of meat
   136 | D        | Noticed a meat berserker
   136 | D        | Killed a destroyer
   136 | D        | Killed a destroyer
   137 | D        | Noticed a bag of meat
   137 | D        | Noticed a dread
   137 | D        | Noticed a meat berserker
   137 | D        | Noticed a meat beast
   137 | D        | Noticed an observer
   138 | D        | Noticed an observer
   138 | D        | Killed a meat berserker
   139 | D        | Noticed a tyrant
   139 | D        | Noticed a bag of meat
   139 | D        | Noticed a bag of meat
   139 | D        | Killed an observer
   139 | D        | Killed a meat beast
   140 | D        | Noticed a bag of meat
   140 | D        | Noticed a bag of meat
   140 | D        | Killed a meat berserker
   140 | D        | Killed a bag of meat
   141 | D        | Noticed a bag of meat
   141 | D        | Killed an observer
   142 | D        | Killed a bag of meat
   142 | D        | Killed a dread
   143 | D        | Killed a bag of meat
   143 | D        | Killed a bag of meat
   144 | D        | Noticed a meat berserker
   144 | D        | Killed a tyrant
   144 | D        | Killed a bag of meat
   144 | D        | Killed a bag of meat
   145 | D        | Killed a bag of meat
   145 | D        | Noticed an observer
   146 | D        | Killed a meat berserker
   147 | D        | Noticed an accursed
   148 | D        | Noticed a fleshlord
   148 | D        | Killed an observer
   150 | D        | Noticed a bag of meat
   152 | D        | Killed an accursed
   153 | D        | Noticed a dread
   153 | D        | Killed a bag of meat
   154 | D        | Killed a fleshlord
   155 | D        | Killed a dread
   157 | D        | Noticed a meat berserker
   157 | D        | Noticed a meat berserker
   158 | D        | Noticed a meat berserker
   158 | D        | Noticed a dread
   158 | D        | Killed a meat berserker
   159 | D        | Noticed a fleshlord
   159 | D        | Noticed a destroyer
   159 | D        | Killed a meat berserker
   160 | D        | Noticed a bag of meat
   160 | D        | Killed a meat berserker
   161 | D        | Noticed a fleshlord
   161 | D        | Noticed a large bag of meat
   161 | D        | Noticed an accursed
   161 | D        | Annihilated by a fleshlord

Action                   |  1- 3 |  4- 6 |  7- 9 | 10-12 | 13-15 | 16-18 | 19-21 | 22-24 | 25-27 || total
-------------------------+-------+-------+-------+-------+-------+-------+-------+-------+-------++-------
Melee: Executioner's axe |     1 |       |       |     1 |     4 |     8 |    11 |    18 |    52 ||    95
  Use: Potion            |       |       |       |       |       |       |       |       |     1 ||     1
